 Dungeon Crawl Stone Soup version 0.27.1-3-gb3d3a73c9e (webtiles) character file.

Game seed: 396407702257054595

9305 horus123 the Thaumaturge (level 11, -1/60 HPs)
             Began as a Deep Elf Conjurer on Oct 16, 2021.
             Was an Initiate of Gozag.
             Slain by a shadow (24 damage)
             ... on level 10 of the Dungeon.
             The game lasted 00:40:25 (11218 turns).

horus123 the Thaumaturge (Deep Elf Conjurer)       Turns: 11218, Time: 00:40:26

Health: -1/60      AC: 12    Str:  4    XL:     11   Next: 21%
Magic:  15/27      EV: 14    Int: 33    God:    Gozag
Gold:   1134       SH:  0    Dex: 13    Spells: 8/31 levels left

rFire    . . .     SeeInvis .   u - +8 great sword "Cacuig" {freeze, Stlth+}
rCold    . . .     Faith    .   (shield currently unavailable)
rNeg     . . .     Spirit   .   E - +0 steam dragon scales
rPois    .         Reflect  .   t - +2 helmet
rElec    .         Harm     .   g - +1 cloak
rCorr    .         Rampage  .   o - +0 pair of gloves
Will     +....                  f - +0 pair of boots
Stlth    ++++......             j - amulet of magic regeneration
HPRegen  0.20/turn              v - +6 ring of intelligence
MPRegen  0.45/turn              Q - ring of wizardry

@: gold aura
A: no striking features
a: Renounce Religion, Potion Petition, Call Merchant, Bribe Branch


You were on level 10 of the Dungeon.
You worshipped Gozag.
Gozag was most pleased with you.
You visited 1 branch of the dungeon, and saw 10 of its levels.

You collected 1684 gold pieces.
You spent 529 gold pieces at shops.
You paid 21 gold pieces to Gozag.

Inventory:

Hand Weapons
 l - a +1 rapier
 u - the +8 great sword "Cacuig" (weapon) {freeze, Stlth+}
   (You bought it in a shop on level 6 of the Dungeon)

   It freezes those it strikes, dealing additional cold damage.
   It can also slow down cold-blooded creatures.
   Stlth:     It makes you more stealthy.
Armour
 a - a +0 robe
 f - a +0 pair of boots (worn)
 g - a +1 cloak (worn)
 o - a +0 pair of gloves (worn)
 t - a +2 helmet (worn)
 E - +0 steam dragon scales (worn)
Jewellery
 b - a ring of ice
 j - an amulet of magic regeneration (around neck)
 m - a ring of poison resistance
 v - a +6 ring of intelligence (left hand)
 w - an amulet of reflection
 y - an amulet of guardian spirit
 Q - a ring of wizardry (right hand)
Wands
 C - a wand of acid (13)
 G - a wand of paralysis (8)
 I - a wand of flame (14)
 K - a wand of mindburst (11)
 O - a wand of iceblast (7)
Scrolls
 c - 5 scrolls of teleportation
 q - a scroll of fear
 r - a scroll of amnesia
 F - 3 scrolls of fog
 H - 2 scrolls of immolation {unknown}
 J - a scroll of enchant armour
 L - a scroll of brand weapon {unknown}
 M - 2 scrolls of identify
 N - 3 scrolls of magic mapping {unknown}
 P - a scroll of vulnerability {unknown}
Potions
 d - 3 potions of haste
 e - a potion of flight {unknown}
 h - 2 potions of curing {unknown}
 i - 2 potions of lignification
 n - 3 potions of brilliance {unknown}
 p - a potion of might {unknown}
 s - 3 potions of invisibility {unknown}
 x - 2 potions of cancellation
 z - 3 potions of resistance {unknown}
 B - 2 potions of magic {unknown}
 D - 2 potions of attraction {unknown}


   Skills:
 + Level 3.3 Fighting
 + Level 0.1(5.7) Short Blades
 + Level 8.5 Long Blades
 + Level 5.5 Dodging
 + Level 5.4 Stealth
 + Level 10.6 Spellcasting
 + Level 9.6 Conjurations
 + Level 7.5 Hexes
 * Level 4.3 Summonings


You had 8 spell levels left.
You knew the following spells:

 Your Spells              Type           Power      Damage    Failure   Level
a - Magic Dart            Conj           100%       1d8       1%          1
b - Searing Ray           Conj           100%       3d7       1%          2
c - Fulminant Prism       Conj/Hex       32%        3d16      1%          4
d - Iskenderun's Mystic   Conj/Tloc      49%        2d11      1%          4
e - Leda's Liquefaction   Hex/Erth       21%        N/A       2%          4
f - Call Canine Familiar  Summ           46%        N/A       1%          3
g - Silence               Hex/Air        21%        N/A       6%          5

Your spell library contained the following spells:

 Spells                   Type           Power      Damage    Failure   Level
 Animate Skeleton         Necr           34%        N/A       1%          1
 Apportation              Tloc           34%        N/A       1%          1
 Corona                   Hex            67%        N/A       1%          1
 Summon Small Mammal      Summ           100%       N/A       1%          1
 Slow                     Hex            61%        N/A       1%          2
 Confusing Touch          Hex            61%        N/A       1%          3
 Dazzling Flash           Conj/Hex       100%       N/A       1%          3
 Portal Projectile        Hex/Tloc       84%        N/A       1%          3
 Vampiric Draining        Necr           8%         2d7       3%          3
 Agony                    Necr           17%        N/A       28%         5


Dungeon Overview and Level Annotations

Branches:
Dungeon (10/15)            Temple (0/1) D:5            Lair (0/6) D:9
    Orc (0/2) D:9

Altars:
Ashenzari
Dithmenos
Fedhas
Gozag
Nemelex Xobeh
Okawaru
Sif Muna
Trog
Uskayaw
Vehumet
Xom
The Shining One

Shops:
D:4 [=(:=   D:6 (   D:7 [   D:8 [

Annotations:
D:9 3 runed translucent doors, Trumpetguy's ghost, novice DrIE


Message History

You hear a shout!
The searing ray hits the brown ugly thing!
The brown ugly thing is heavily wounded.
The searing ray misses the brown ugly thing.
You finish channeling your searing ray.
The brown ugly thing completely misses you.
Casting: Searing Ray (safe; 1% risk of failure)
Confirm with . or Enter, or press ? or * to list all spells.
Aiming: Searing Ray (safe; 1% risk of failure)
Press: ? - help, Shift-Dir - straight line, f/p - brown ugly thing
Aim: a brown ugly thing (heavily wounded, 83% to hit)
The searing ray hits the brown ugly thing!
The brown ugly thing is severely wounded. (Press . to maintain the ray.)
The brown ugly thing pecks you!
You are splashed with acid!
The searing ray hits the brown ugly thing!
The brown ugly thing is almost dead.
The searing ray hits the orc warrior!
The orc warrior is moderately wounded.
The shadow slips into darkness.
The shadow flickers and vanishes!
Deactivating autopickup; reactivate with Ctrl-A.
The brown ugly thing barely misses you.
The searing ray hits the brown ugly thing!
You kill the brown ugly thing!
The orc warrior hits you with a +0 flail!
Casting: Searing Ray (safe; 1% risk of failure)
Confirm with . or Enter, or press ? or * to list all spells.
Restarting spell: Searing Ray (safe; 1% risk of failure)
Press: ? - help, Shift-Dir - straight line, f - orc warrior
Aim: an orc warrior, wielding a +0 flail and wearing a +0 plate armour (moderately wounded, 83% to hit)
The searing ray misses the orc warrior.
The searing ray hits something! (Press . to maintain the ray.)
The orc warrior hits you with a +0 flail!
The searing ray hits the orc warrior.
The orc warrior is heavily wounded.
The orc warrior closely misses you.
The shadow strikes at you from the darkness!
You die...
Your body crumbles into a pile of gold.

............................
............................
#.............########......
##............# #...... $
##...........# #.##### $
##..........# #.# + $
#..........# #)# $
#####......# #.# $
....##..@$.########.#
.....##..o..........#
.$$.o.##............#
$.Y$T.'.T...........#
$..$o.$.............####
.$$.[.##................
.....##................?
....##..................#
#### ....#'###.....>....#


You could see a troll and an orc warrior.

Vanquished Creatures
  A catoblepas (D:10)
  2 two-headed ogres
  Pikel (D:9)
  An orc sorcerer (D:8)
  An ugly thing (D:10)
  Maggie (D:7)
  A troll (D:9)
  A hornet (D:9)
  12 yaks
  A steam dragon (D:7)
  Grum (D:9)
  2 orc warriors
  A sky beast (D:8)
  2 necrophages
  2 centaurs (D:6)
  2 ogres
  3 wolves (D:9)
  3 kobold brigands
  4 lemures (D:9)
  2 elf zombies (D:6)
  2 bullfrogs
  A wyvern zombie (D:7)
  2 scorpions
  5 killer bees (D:6)
  6 howler monkeys
  2 electric eels (D:7)
  A lava snake (D:9)
  3 centaur zombies
  6 orc priests
  A gnoll shaman (D:8)
  2 hounds
  3 human zombies (D:6)
  2 jellies
  A centaur skeleton (D:7)
  2 iguanas
  4 orc wizards
  A killer bee zombie (D:7)
  2 hound skeletons
  A howler monkey skeleton (D:6)
  A howler monkey zombie (D:7)
  7 gnolls
  8 adders
  2 shadow imps (D:7)
  An adder skeleton (D:4)
  A worm (D:3)
  3 dart slugs
  21 orcs
  4 ball pythons
  4 bats
  7 endoplasms
  A giant cockroach (D:1)
  7 goblins
  3 hobgoblins (D:1)
  3 jackals (D:1)
  2 quokkas
  2 frilled lizards
  15 kobolds
  An orc skeleton (D:6)
  12 rats
196 creatures vanquished.

Vanquished Creatures (collateral kills)
  A wyvern (D:9)
  A centaur (D:9)
2 creatures vanquished.

Vanquished Creatures (others)
  13 fulminant prisms
13 creatures vanquished.

Grand Total: 211 creatures vanquished

Notes
Turn   | Place    | Note
-------+----------+-------------------------------------------
     0 | D:1      | horus123 the Deep Elf Conjurer began the quest for the Orb.
     0 | D:1      | Reached XP level 1. HP: 10/10 MP: 6/6
   250 | D:1      | Reached XP level 2. HP: 15/15 MP: 4/8
   253 | D:1      | Learned a level 2 spell: Searing Ray
   270 | D:1      | Reached skill level 5 in Conjurations
   484 | D:1      | Reached XP level 3. HP: 19/19 MP: 4/9
   488 | D:1      | Learned a level 3 spell: Dazzling Flash
   767 | D:1      | Found a faded altar of an unknown god.
  1286 | D:2      | Reached skill level 1 in Hexes
  1316 | D:2      | Found an opulent altar of Gozag.
  1481 | D:2      | Became a worshipper of Gozag Ym Sagoz the Greedy
  1656 | D:2      | Reached XP level 4. HP: 24/24 MP: 6/11
  1954 | D:2      | Learned a level 4 spell: Fulminant Prism
  2256 | D:3      | Found a radiant altar of Vehumet.
  2568 | D:3      | Reached XP level 5. HP: 28/28 MP: 10/12
  2591 | D:3      | Learned a level 4 spell: Iskenderun's Mystic Blast
  2684 | D:4      | Reached skill level 4 in Spellcasting
  2712 | D:4      | You fall into a shaft and drop 3 floors!
  3044 | D:7      | Reached XP level 6. HP: 32/32 MP: 8/14
  3044 | D:7      | Noticed Maggie
  3053 | D:7      | Killed Maggie
  3054 | D:7      | Reached skill level 5 in Spellcasting
  3054 | D:7      | Reached XP level 7. HP: 19/36 MP: 2/17
  3338 | D:6      | Reached skill level 6 in Spellcasting
  3473 | D:6      | Found a glowing golden altar of the Shining One.
  3535 | D:6      | Found Murghime's Antique Weapon Shoppe.
  3539 | D:6      | Bought a masterwork great sword for 287 gold pieces
  3539 | D:6      | Identified the +8 great sword "Cacuig" {freeze, Stlth+}
                  | (You bought it in a shop on level 6 of the Dungeon)
  3638 | D:6      | Found a shimmering altar of Xom.
  3650 | D:6      | Reached skill level 1 in Fighting
  3994 | D:6      | Reached skill level 1 in Long Blades
  4152 | D:6      | Reached skill level 5 in Hexes
  4372 | D:6      | Reached XP level 8. HP: 43/43 MP: 15/19
  4610 | D:5      | Entered Level 5 of the Dungeon
  5180 | D:6      | Reached skill level 5 in Long Blades
  5637 | D:5      | Found a shadowy altar of Dithmenos.
  5679 | D:5      | Found a blossoming altar of Fedhas.
  5832 | D:5      | Found a staircase to the Ecumenical Temple.
  5878 | D:5      | Learned a level 4 spell: Leda's Liquefaction
  6054 | D:4      | Found Kuod's Antique Armour Emporium.
  6142 | D:4      | Found Ciunuole's Jewellery Boutique.
  6151 | D:4      | Found Olemimaf's Antique Weapon Emporium.
  6164 | D:4      | Found Gatik's Jewellery Shoppe.
  6249 | D:4      | Found Hukeh's Book Shop.
  6260 | D:4      | Bought a book of Debilitation for 242 gold pieces
  7116 | D:7      | Reached XP level 9. HP: 31/48 MP: 13/20
  7734 | D:7      | Found a broken altar of Ashenzari.
  7791 | D:7      | Found Nukezy's Armour Shop.
  8230 | D:8      | Noticed an orc sorcerer
  8233 | D:8      | Killed an orc sorcerer
  8234 | D:8      | Reached skill level 5 in Stealth
  8341 | D:8      | Reached skill level 7 in Spellcasting
  8477 | D:8      | Reached XP level 10. HP: 55/55 MP: 11/23
  8606 | D:8      | Found Weteps's Antique Armour Shoppe.
  9036 | D:8      | Learned a level 3 spell: Call Canine Familiar
  9055 | D:9      | Noticed Pikel
  9055 | D:9      | Found a runed translucent gate.
  9055 | D:9      | Found a runed translucent gate.
  9055 | D:9      | Found a runed translucent gate.
  9059 | D:9      | Noticed Trumpetguy's ghost (novice DrIE)
  9064 | D:9      | Killed Pikel
  9065 | D:9      | Reached skill level 8 in Spellcasting
  9065 | D:9      | Reached skill level 1 in Summonings
  9145 | D:9      | Found a staircase to the Lair.
  9201 | D:9      | Noticed Grum
  9206 | D:9      | Reached skill level 5 in Dodging
  9211 | D:9      | Killed Grum
  9233 | D:9      | Identified the +2 scale mail of Wisdom {Will+ Str+6}
  9332 | D:9      | Reached skill level 9 in Spellcasting
  9532 | D:9      | Found a hide-covered altar of Uskayaw.
 10070 | D:9      | Found a shimmering blue altar of Sif Muna.
 10304 | D:9      | Found a sparkling altar of Nemelex Xobeh.
 10358 | D:9      | Found a bloodstained altar of Trog.
 10409 | D:9      | Noticed a two-headed ogre
 10417 | D:9      | Killed a two-headed ogre
 10515 | D:9      | Found a staircase to the Orcish Mines.
 10660 | D:10     | Entered Level 10 of the Dungeon
 10668 | D:10     | Found an iron altar of Okawaru.
 10700 | D:10     | Noticed a catoblepas
 10712 | D:10     | Killed a catoblepas
 10713 | D:10     | Reached skill level 10 in Spellcasting
 10713 | D:10     | Reached XP level 11. HP: 58/60 MP: 15/27
 10748 | D:10     | Learned a level 5 spell: Silence
 10791 | D:10     | Noticed a two-headed ogre
 10794 | D:10     | Noticed a brown ugly thing
 10798 | D:10     | Killed a two-headed ogre
 11216 | D:10     | Killed a brown ugly thing
 11218 | D:10     | Slain by a shadow

Illustrated notes

Levels and vault maps discovered:
D:1:      evilmike_arrival_plus, layout_basic,
          hellmonk_ecumenical_altar_crossroads, minmay_three_crescents
D:2:      layout_loops_ring, basic_altar
D:3:      layout_basic, nicolae_vehumet_altar_sigil, minmay_misc_feat_x,
          grunt_ministairs_10
D:4:      layout_layer_cave, serial_shops, shop, shop, nicolae_take_the_stairs,
          shop, shop, hangedman_decor_growths, grunt_decor_clamped
D:5:      layout_rooms, fedhas_altar_2, mainiacjoe_overflow_boulevard,
          minmay_temple_entry_antechambers, st_stairs_3
D:6:      layout_loops_ring, nicolae_tso_carved_into_rock, lemuel_crystal_altar,
          nicolae_ossuary_entry_catacombs, serial_shops, kennysheep_mini_moat
D:7:      layout_cave_pools, mainiacjoe_overflow_chevrons, serial_shops,
          nicolae_lakefront_shop, nrook_mini_vaults, kennysheep_big_empty_room,
          lightli_minifort, uniq_maggie
D:8:      cheibrodos_wizards_tower, layout_loops_cross, serial_glass,
          glass_columns_b, glass_columns_c, glass_columns_b, glass_columns_a,
          glass_columns_a, glass_columns_a, glass_columns_b, glass_columns_a,
          serial_shops, shop
D:9:      layout_cave_pods, old_standard_altar, mainiacjoe_overflow_alcove_1,
          nemelex_spade_bored_becter, nicolae_uskayaw_suspiria,
          dpeg_oklobed_lair, orc_0_dummy, ebering_ghost_rock_garden, uniq_pikel,
          uniq_grum
D:10:     minmay_polygon_palace, layout_irregular_city,
          nzn_wu_jian_contemplation, grunt_gozag_statues, okawaru_trees_2,
          uniq_sonja

Skill      XL: |  1  2  3  4  5  6  7  8  9 10 11 |
---------------+----------------------------------+-----
Conjurations   | 5 6 7 8 9 |  9.6
Hexes          | 1 2 3 4 5 6 7 |  7.5
Spellcasting   | 4 5 6 7 10 | 10.6
Dodging        | 3 4 5 |  5.5
Stealth        | 3 4 5 |  5.4
Fighting       | 1 2 3 |  3.3
Long Blades    | 3 5 7 8 |  8.5
Summonings     | 3 4 |  4.3
Short Blades   | |  0.1

Action                   |  1- 3 |  4- 6 |  7- 9 | 10-12 || total
-------------------------+-------+-------+-------+-------++-------
Melee: Great sword       |       |       |    91 |     4 ||    95
       Rapier            |       |       |     1 |       ||     1
 Cast: Magic Dart        |    75 |    51 |    40 |    41 ||   207
       Searing Ray       |     1 |     8 |    41 |    29 ||    79
       Fulminant Prism   |       |       |     6 |     7 ||    13
       Call Canine Famil |       |       |       |     4 ||     4
  Use: Scroll            |     6 |     2 |     8 |     2 ||    18
       Potion            |       |       |       |     1 ||     1
 Stab: Sleeping          |       |       |     5 |       ||     5
       Distracted        |       |       |     1 |       ||     1
Armor: Robe              |     1 |     7 |    54 |       ||    62
       Steam dragon scal |       |       |     8 |    15 ||    23
Dodge: Dodged            |     1 |    14 |   110 |    27 ||   152
       Rpst.: Great sword |       |       |    35 |     6 ||    41
